 Dungeon Crawl Stone Soup version 0.18.1-8-gdd0e5ea (webtiles) character file.

174 deorigin the Spear-Bearer (level 5, -9/38 HPs)
             Began as a Merfolk Gladiator on May 22, 2016.
             Mangled by Statics's ghost (12 damage)
             ... on level 3 of the Dungeon.
             The game lasted 00:06:49 (3261 turns).

deorigin the Spear-Bearer (Merfolk Gladiator)       Turns: 3261, Time: 00:06:50

Health: -9/38      AC:  4    Str: 16    XL:     5   Next: 54%
Magic:  5/5        EV: 13    Int:  7    God:
Gold:   51         SH:  0    Dex: 15    Spells: 0 memorised, 4 levels left

rFire  . . .     SeeInvis .     a - +0 trident
rCold  . . .     Gourm    .     b - +0 leather armour
rNeg   . . .     Faith    .     (no shield)
rPois  .         Spirit   .     c - +0 helmet
rElec  .         Dismiss  .     (no cloak)
rCorr  .         Reflect  .     (no gloves)
SustAt .         Harm     .     (no boots)
MR     .....                    (no amulet)
Stlth  +.........               (no ring)
                                (no ring)

@: not resistant to hostile enchantments, very unstealthy
A: change form in water, swift swim
a: no special abilities


You were on level 3 of the Dungeon.
You were not hungry.

You visited 1 branch of the dungeon, and saw 3 of its levels.

You collected 51 gold pieces.

Inventory:

Hand Weapons
 a - a +0 trident (weapon)
Missiles
 d - 3 throwing nets (quivered)
Armour
 b - a +0 leather armour (worn)
 c - a +0 helmet (worn)
Jewellery
 n - a cursed amulet of inaccuracy {unknown}
Wands
 l - a wand of paralysis (9/24)
Scrolls
 e - a scroll of amnesia {unknown}
 h - 4 scrolls of identify {unknown}
 i - a scroll of enchant weapon {unknown}
 j - a scroll of noise {unknown}
 m - a scroll of fog {unknown}
 p - a scroll of remove curse {unknown}
 q - a scroll of magic mapping {unknown}
Potions
 k - a potion of magic {unknown}
Comestibles
 f - 3 bread rations
 g - 2 beef jerkies
 o - 5 chunks of flesh


   Skills:
 - Level 2.1 Fighting
 + Level 8.8 Polearms
 - Level 2.0 Throwing
 - Level 4.0 Dodging


You had 4 spell levels left.
You didn't know any spells.

Dungeon Overview and Level Annotations

Branches:
Dungeon (3/15)

Altars:
Pakellas
Trog

Annotations:
D:3 Statics's ghost, amateur DsGl


Message History

Statics's ghost hits you!
You barely miss Statics's ghost.
Statics's ghost is moderately damaged.
You puncture Statics's ghost!
Statics's ghost is heavily damaged.
Statics's ghost closely misses you.
You puncture Statics's ghost!
Statics's ghost is severely damaged.
Statics's ghost misses you.
You closely miss Statics's ghost.
Statics's ghost is severely damaged.
Statics's ghost misses you.
You miss Statics's ghost.
Statics's ghost is severely damaged.
Statics's ghost hits you!
* * * LOW HITPOINT WARNING * * *
You puncture Statics's ghost!
Statics's ghost is almost destroyed.
Statics's ghost hits you!
You die...

#.......#........#.#.#
#.###.#.#........#.#.#
#.#.#........#.#.#
#.#.......##...#.#
#.###.....##.###.#
#.##########.###.#
#.#.. #.#..<# #.#.##
#####.##### #)#...
#....@W...# #.#..#
#.###.###.# #####.#..#
#. #...#.#
#.[...#<.###.# #...#.#
#)#####......# #.#.#.#
#'#####'########.###.#
...##............#...#
...##......#######.###
.(.''......# #....#


You could see Statics's ghost.

Vanquished Creatures
  An orc wizard (D:3)
  Jessica (D:2)
  Robin (D:2)
  4 adders (D:2)
  A giant gecko (D:3)
  4 orcs
  5 giant cockroaches
  15 goblins
  6 hobgoblins
  8 kobolds
  A quokka (D:2)
  2 ball pythons (D:2)
  5 bats
  6 giant newts
  6 rats
66 creatures vanquished.

Notes
Turn   | Place    | Note
--------------------------------------------------------------
     0 | D:1      | deorigin the Merfolk Gladiator began the quest for the Orb.
     0 | D:1      | Reached XP level 1. HP: 16/16 MP: 1/1
    62 | D:1      | Reached skill level 5 in Polearms
   350 | D:1      | Reached XP level 2. HP: 21/22 MP: 2/2
  1382 | D:2      | Found an oddly glowing altar of Pakellas.
  1400 | D:2      | Reached skill level 6 in Polearms
  1400 | D:2      | Reached XP level 3. HP: 20/27 MP: 3/3
  1760 | D:2      | Reached skill level 7 in Polearms
  1760 | D:2      | Reached XP level 4. HP: 18/33 MP: 4/4
  2063 | D:2      | Noticed Robin
  2142 | D:2      | Killed Robin
  2379 | D:2      | Found a bloodstained altar of Trog.
  2379 | D:2      | Noticed Jessica
  2402 | D:2      | Killed Jessica
  2402 | D:2      | Reached skill level 8 in Polearms
  2402 | D:2      | Reached XP level 5. HP: 18/38 MP: 5/5
  3234 | D:3      | Noticed Statics's ghost (amateur DsGl)
  3261 | D:3      | Mangled by Statics's ghost

Skill      XL: |  1  2  3  4 |
---------------+-------------+-----
Polearms       | 5 6 7 8 |  8.8
Fighting       | |  2.1
Throwing       | |  2.0
Dodging        | |  4.0

Action                   |  1- 3 |  4- 6 || total
-------------------------+-------+-------++-------
Melee: Trident           |   141 |   120 ||   261
  Use: Potion            |     2 |       ||     2
 Stab: Sleeping          |     1 |     1 ||     2
  Eat: Chunk             |     3 |     5 ||     8
Armor: Leather armour    |    33 |    21 ||    54
Dodge: Dodged            |    98 |    70 ||   168
